 Dungeon Crawl Stone Soup version 0.28-a0-691-gad6df49e81 (webtiles) character file.

Game seed: 12463747661603164429

3 demibob the Twirler (level 1, 16/16 HPs)
             Began as a Demonspawn Gladiator on Oct 21, 2021.
             Was a Follower of Dithmenos.
             Quit the game on level 1 of the Dungeon.
             The game lasted 00:00:19 (237 turns).

demibob the Twirler (Demonspawn Gladiator)           Turns: 237, Time: 00:00:20

Health: 16/16      AC:  4    Str: 14    XL:     1   Next: 41%
Magic:  1/1        EV: 12    Int:  9    God:    Dithmenos [*.....]
Gold:   12         SH:  0    Dex: 14    Spells: 0/0 levels left

rFire   . . .      SeeInvis .   a - +0 quarterstaff
rCold   . . .      Faith    .   (shield currently unavailable)
rNeg    . . .      Spirit   .   b - +0 leather armour
rPois   .          Reflect  .   c - +0 helmet
rElec   .          Harm     .   (no cloak)
rCorr   .          Rampage  .   (no gloves)
Will    .....                   (no boots)
Stlth   +.........              (no amulet)
HPRegen 0.05/turn               (no ring)
MPRegen 0.07/turn               (no ring)

@: wreathed by umbra
A: no striking features
a: Renounce Religion


You were on level 1 of the Dungeon.
You worshipped Dithmenos.
Dithmenos was aware of your devotion.
You visited 1 branch of the dungeon, and saw 1 of its levels.

You collected 12 gold pieces.


   Skills:
 - Level 2.0 Fighting
 + Level 2.9 Staves
 - Level 1.7 Throwing
 - Level 2.6 Dodging


You couldn't memorise any spells.
You didn't know any spells.
Your spell library was empty.

Inventory:

Hand Weapons
 a - a +0 quarterstaff (weapon)
Missiles
 d - 3 throwing nets (quivered) {=f}
Armour
 b - a +0 leather armour (worn)
 c - a +0 helmet (worn)
Potions
 e - a potion of attraction {unknown}
 f - a potion of degeneration {unknown}

Dungeon Overview and Level Annotations

Branches:
Dungeon (1/15)

Altars:
Dithmenos

..#..#######..#.#
..............#.######
..............#......#
..............#.##.#.#
..#..#######.........#
.........###..▒▒▒▒▒..###
..#...........▒8.8▒....#
...........8▒▒▒...▒▒▒8.#
...#........+...@...'..#
...........8▒▒▒...▒▒▒8.#
##########....▒8.8▒....#
####.▒▒▒▒▒.#### ... ...
#..## ). #


There were no monsters in sight!


Message History

Found a stone staircase leading down.
There is a stone staircase leading down here.
Found a hunting sling.
A hobgoblin comes into view.
The hobgoblin shouts!
A hobgoblin is nearby!
An endoplasm comes into view.
The endoplasm quivers.
The hobgoblin closely misses you.
You barely miss the hobgoblin. The hobgoblin misses you.
You sock the hobgoblin!
You kill the hobgoblin!
The endoplasm barely misses you.
You sock the endoplasm!
You kill the endoplasm!
No target in view!
No target in view!
Found a stone staircase leading down.
Found 12 gold pieces.
You now have 12 gold pieces.
As you open the door, it creaks loudly!
Found a faded altar of an unknown god.
Found a spear.
There is an open door here.
There is a faded altar of an unknown god here.
You cannot tell which god this altar belongs to.
Convert to them anyway?
Dithmenos accepts your prayer! Dithmenos welcomes you!
You are shrouded in an aura of darkness!
Are you sure you want to abandon this character and quit the game? (Confirm with "yes".)

Action                   || total
-------------------------++-------
Melee: Quarterstaff      ||     6
Armor: Leather armour    ||     1
Dodge: Dodged            ||     4

Levels and vault maps discovered:
D:1:      dpeg_arrival_round_c, layout_basic,
          dreamdust_ecumenical_altar_angels_and_demons, st_stairs_12

Notes
Turn   | Place    | Note
-------+----------+-------------------------------------------
     0 | D:1      | demibob the Demonspawn Gladiator began the quest for the
                  | Orb.
     0 | D:1      | Reached XP level 1. HP: 16/16 MP: 1/1
   226 | D:1      | Found a faded altar of an unknown god.
   236 | D:1      | Prayed at the altar of an unknown god.
   236 | D:1      | Became a worshipper of Dithmenos the Shadowed
   236 | D:1      | Reached * piety under Dithmenos
   237 | D:1      | Quit the game

Vanquished Creatures
  An endoplasm (D:1)
  A hobgoblin (D:1)
  A rat (D:1)
3 creatures vanquished.

Table legend: (Time is in decaauts)
 A = Elapsed time spent in this place.
 B = Non-inter-level travel time spent in this place.
 C = Inter-level travel time spent in this place.
 D = Time resting spent in this place.
 E = Time spent auto-exploring this place.
 F = Levels seen in this place.
 G = Mean time per level.
                   A        B        C        D        E       F      G
               +--------+--------+--------+--------+--------+-----+--------+
         Total |    237 |    237 |      0 |      0 |    207 |   1 |  237.0 |
       Dungeon |    237 |    237 |      0 |      0 |    207 |   1 |  237.0 |
               +--------+--------+--------+--------+--------+-----+--------+

Top non-repeatable levels by time:
     D:1: 237 daAuts

Table legend:
 A = Non-vault XP
 B = Vault XP
 C = Vault XP percentage of total XP
 D = Non-vault monster count
 E = Vault monster count
 F = Vault count percentage of total count
                 A         B        C        D         E       F
            +---------+---------+-------+---------+---------+-------
      Total |       3 |       2 |  40.0 |       2 |       1 |  33.3
            +---------+---------+-------+---------+---------+-------
        D:1 |       3 |       2 |  40.0 |       2 |       1 |  33.3
            +---------+---------+-------+---------+---------+-------
